 Dungeon Crawl Stone Soup version 0.19.1-1-g22dce08 (webtiles) character file.

151 Angani the Spear-Bearer (level 5, -6/38 HPs)
             Began as a Merfolk Gladiator on Jan 2, 2017.
             Was an Initiate of Dithmenos.
             Mangled by an orc warrior
             ... wielding a +0 battleaxe
              (27 damage)
             ... on level 5 of the Dungeon.
             The game lasted 00:04:35 (2831 turns).

Angani the Spear-Bearer (Merfolk Gladiator)         Turns: 2831, Time: 00:04:35

Health: -6/38      AC:  5    Str: 15    XL:     5   Next: 33%
Magic:  5/5        EV: 13    Int:  7    God:    Dithmenos [......]
Gold:   181        SH:  5    Dex: 16    Spells: 0 memorised, 4 levels left

rFire  . . .     SeeInvis .     a - +0 trident
rCold  . . .     Gourm    .     b - +0 leather armour
rNeg   . . .     Faith    .     y - +2 buckler
rPois  .         Spirit   .     c - +0 helmet
rElec  .         Reflect  .     (no cloak)
rCorr  .         Harm     .     m - +0 pair of gloves (curse)
MR     .....                    (no boots)
Stlth  +.........               (no amulet)
                                (no ring)
                                (no ring)

@: no status effects
A: change form in water, swift swim, stealthy swim
a: Renounce Religion


You were on level 5 of the Dungeon.
You worshipped Dithmenos.
Dithmenos was noncommittal.
You were not hungry.

You visited 1 branch of the dungeon, and saw 5 of its levels.

You collected 181 gold pieces.

Inventory:

Hand Weapons
 a - a +0 trident (weapon)
Missiles
 d - 4 throwing nets (quivered)
Armour
 b - a +0 leather armour (worn)
 c - a +0 helmet (worn)
 m - a cursed +0 pair of gloves (worn)
 y - a +2 buckler (worn)
Scrolls
 e - 3 scrolls of amnesia {unknown}
 g - a scroll of enchant armour {unknown}
 j - a scroll of random uselessness {unknown}
 k - a scroll of teleportation {unknown}
 l - 7 scrolls of identify {unknown}
 n - 2 scrolls of fear {unknown}
 p - a scroll of blinking {unknown}
 s - a scroll of immolation {unknown}
 t - a scroll of remove curse {unknown}
 x - a scroll of noise {unknown}
 A - a scroll of recharging {unknown}
Potions
 h - 3 potions of brilliance {unknown}
 i - 2 potions of curing {unknown}
 o - 2 potions of agility {unknown}
 v - a potion of magic {unknown}
 z - a potion of might {unknown}
Comestibles
 f - 4 bread rations
 q - 4 meat rations
 r - a slice of pizza
 u - a beef jerky
 w - 5 fruits


   Skills:
 - Level 2.1 Fighting
 + Level 8.4 Polearms
 - Level 2.0 Throwing
 - Level 4.0 Dodging


You had 4 spell levels left.
You didn't know any spells.

Dungeon Overview and Level Annotations

Branches:
Dungeon (5/15)
 Temple: D:4-7

Altars:
Cheibriados
Dithmenos
Uskayaw

Annotations:
D:4 1 exclusion


Message History

The orc warrior is heavily wounded.
The orc warrior hits you with a battleaxe.
You hit the orc warrior.
The orc warrior is heavily wounded.
The orc warrior misses you.
You hit the orc warrior.
The orc warrior is severely wounded.
You hit the orc warrior but do no damage.
The orc warrior is severely wounded.
The orc warrior barely misses you.
You hit the orc warrior.
The orc warrior is severely wounded.
The orc warrior barely misses you.
You hit the orc warrior.
The orc warrior is severely wounded.
You barely miss the orc warrior.
The orc warrior is severely wounded.
The orc warrior hits you with a battleaxe!!
Ouch! That really hurt!
You die...

#. ## .. .## #
#. ... .# #. ..
.. #. .# .#
#.#.#..#..
..####.o.......
.......@.......
............#..
.#.#####.......
....... ..#..##
.!#.... ... ...
..#. ##


You could see an orc warrior.

Vanquished Creatures
  An orc priest (D:4)
  A hound skeleton (D:4)
  5 gnolls
  An adder (D:3)
  An ooze (D:4)
  A worm (D:3)
  2 dart slugs
  2 orcs (D:3)
  5 bats
  A giant cockroach (D:2)
  5 hobgoblins
  3 quokkas
  2 frilled lizards
  3 goblins
  6 kobolds
  4 rats
43 creatures vanquished.

Notes
Turn   | Place    | Note
-------+----------+-------------------------------------------
     0 | D:1      | Angani the Merfolk Gladiator began the quest for the Orb.
     0 | D:1      | Reached XP level 1. HP: 16/16 MP: 1/1
   257 | D:1      | Reached skill level 5 in Polearms
   278 | D:1      | Reached XP level 2. HP: 22/22 MP: 2/2
   715 | D:2      | Found a shadowy altar of Dithmenos.
   800 | D:2      | Became a worshipper of Dithmenos the Shadowed
   853 | D:2      | Found a snail-covered altar of Cheibriados.
  1138 | D:2      | Reached XP level 3. HP: 26/27 MP: 3/3
  1147 | D:2      | Reached skill level 6 in Polearms
  1598 | D:3      | Found a hide-covered altar of Uskayaw.
  1613 | D:3      | Reached skill level 7 in Polearms
  1613 | D:3      | Reached XP level 4. HP: 17/33 MP: 4/4
  2411 | D:4      | Found a hide-covered altar of Uskayaw.
  2420 | D:4      | Noticed a hand axe
  2421 | D:4      | Noticed a dagger
  2741 | D:4      | Reached skill level 8 in Polearms
  2741 | D:4      | Reached XP level 5. HP: 38/38 MP: 5/5
  2793 | D:4      | Noticed an orc warrior
  2812 | D:5      | Entered Level 5 of the Dungeon
  2831 | D:5      | Mangled by an orc warrior

Skill      XL: |  1  2  3  4 |
---------------+-------------+-----
Polearms       | 5 7 8 |  8.4
Fighting       | |  2.1
Throwing       | |  2.0
Dodging        | |  4.0

Action                   |  1- 3 |  4- 6 || total
-------------------------+-------+-------++-------
Melee: Trident           |    92 |    66 ||   158
 Stab: Sleeping          |     1 |       ||     1
  Eat: Chunk             |     1 |     5 ||     6
Armor: Leather armour    |    17 |     3 ||    20
Dodge: Dodged            |    34 |    25 ||    59
Block: Buckler           |     6 |     6 ||    12
